 Dungeon Crawl Stone Soup version 0.25.1-8-g42b30a86e7 (webtiles) character file.

Game seed: 3610594586024622307

9291 hawla the Fighter (level 11, -1/111 HPs)
             Began as a Minotaur Gladiator on Dec 4, 2020.
             Was an Initiate of Gozag.
             Slain by a death yak (19 damage)
             ... on level 1 of the Lair of Beasts.
             The game lasted 00:27:08 (12358 turns).

hawla the Fighter (Minotaur Gladiator)             Turns: 12358, Time: 00:27:08

Health: -1/111     AC:  7    Str: 20    XL:     11   Next: 21%
Magic:  0/19       EV: 16    Int:  7    God:    Gozag
Gold:   1050       SH:  0    Dex: 12    Spells: 10/10 levels left

rFire    . . .     SeeInvis .   w - +8 trident of the Octopus King {venom, rElec rPois MR+}
rCold    + . .     Gourm    .   (no shield)
rNeg     . . .     Faith    .   o - +0 robe {rC+}
rPois    +         Spirit   +   c - +0 hat
rElec    +         Reflect  .   p - scarf {repulsion}
rCorr    .         Harm     .   J - +2 pair of gloves
MR       +....                  A - +1 pair of boots
Stlth    ++........             i - amulet of guardian spirit
HPRegen  0.28/turn              e - ring of flight
MPRegen  0.16/turn              n - ring of magical power

@: gold aura, repel missiles
A: retaliatory headbutt, horns 2
a: Potion Petition, Call Merchant, Bribe Branch, Renounce Religion, Evoke Flight


You were on level 1 of the Lair of Beasts.
You worshipped Gozag.
Gozag was most pleased with you.
You were full.

You visited 2 branches of the dungeon, and saw 12 of its levels.

You collected 2333 gold pieces.
You spent 1147 gold pieces at shops.
You paid 136 gold pieces to Gozag.

Inventory:

Hand Weapons
 w - the +8 trident of the Octopus King (weapon) {venom, rElec rPois MR+}
   (You found it on level 5 of the Dungeon)

   It poisons the flesh of those it strikes.
   It insulates you from electricity.
   It protects you from poison.
   It affects your resistance to hostile enchantments.
Missiles
 a - 5 datura-tipped darts
 d - 3 throwing nets
 j - 21 poisoned darts (quivered)
 v - 3 javelins
 B - 4 silver boomerangs
Armour
 c - a +0 hat (worn)
 o - a +0 robe of cold resistance (worn)
 p - a scarf of repulsion (worn)
 z - a +1 cloak
 A - a +1 pair of boots (worn)
 J - a +2 pair of gloves (worn)
Jewellery
 e - a ring of flight (left hand)
 i - an amulet of guardian spirit (around neck)
 n - a ring of magical power (right hand)
 t - an uncursed amulet of the acrobat
 E - an uncursed ring of wizardry
Wands
 b - a wand of random effects (20)
 m - a wand of paralysis (10)
 y - a wand of enslavement (5)
 D - a wand of iceblast (10)
Scrolls
 l - 2 scrolls of remove curse
 s - a scroll of enchant weapon
 u - a scroll of teleportation
 C - 4 scrolls of identify
 F - a scroll of brand weapon {unknown}
 H - 2 scrolls of fog {unknown}
Potions
 g - a potion of cancellation
 q - a potion of stabbing
 r - 4 potions of flight
 x - 2 potions of haste
 G - a potion of lignification {unknown}
Miscellaneous
 K - a box of beasts
Comestibles
 f - 5 rations


   Skills:
 + Level 14.8 Fighting
   Level 3.6(6.6) Axes
 + Level 8.7(9.1) Polearms
 + Level 3.2 Throwing
 + Level 4.8 Armour
 + Level 8.0 Dodging
 + Level 3.5 Stealth
 + Level 0.6 Evocations


You had 10 spell levels left.
You didn't know any spells.
Your spell library contained the following spells:

 Spells                   Type           Power        Failure   Level  Hunger
 Beastly Appendage        Tmut           #.....       43%         1    ##.....
 Summon Small Mammal      Summ           #...         43%         1    ##.....
 Call Imp                 Summ           #.......     56%         2    ###....
 Sticks to Snakes         Tmut           #.......     56%         2    ###....
 Call Canine Familiar     Summ           #.......     80%         3    ####...
 Spider Form              Tmut/Pois      #.........   80%         3    ####...
 Summon Guardian Golem    Hex/Summ       #.......     80%         3    ####...
 Ice Form                 Ice/Tmut       #.......     99%         4    #####..
 Summon Ice Beast         Ice/Summ       #.......     99%         4    #####..
 Summon Lightning Spire   Summ/Air       #.......     99%         4    #####..
 Blade Hands              Tmut           #.........   100%        5    ######.


Dungeon Overview and Level Annotations

Branches:
Dungeon (11/15)            Temple (0/1) D:4            Lair (1/6) D:11
    Orc: D:9-12

Altars:
Gozag

Shops:
D:4 [   D:6 ?   D:7 *   D:8 !   D:9 *(([[


Innate Abilities, Weirdness & Mutations

You reflexively headbutt those who attack you in melee.
You have a pair of horns on your head.


Message History

The living lightning hits the death yak.
The death yak is no longer distracted by gold.
Your larval shockweird beast's attack snaps the death yak out of its fear.
The death yak bellows!
Your larval shockweird beast blinks!
Evoke which item? (* to show all) (? for menu, Esc to quit)
Attack whom?
Press: ? - help, Dir - move target cursor, f - death yak
Aim: a death yak (lightly wounded)
You reach to attack!
You puncture the death yak!
The death yak is poisoned.
The death yak is lightly wounded.
The death yak gores you!!
* * * LOW HITPOINT WARNING * * *
Your larval shockweird beast hits the death yak.
Okay, then.
You feel better.
Your larval shockweird beast hits the death yak but does no damage.
The death yak gores you!!
You die...
Your body crumbles into a pile of gold.

### ####.####
#.......#
#<.$....##
#.....HY.#
#......@##
+..........#
#.......##....+
#.......# #P##
#.......# #
###.##+## ##


You could see a death yak (very poisoned) and a friendly larval shockweird beast
(summoned).

Vanquished Creatures
  3 two-headed ogres
  2 gargoyles (D:10)
  2 hornets (D:8)
  2 hippogriffs (D:8)
  Sigmund (D:3)
  A wraith (D:10)
  3 yaks (D:10)
  A steam dragon (D:9)
  An acid dragon (D:11)
  A soldier ant (D:8)
  An ice beast (D:9)
  5 orc warriors
  4 ogres
  4 sky beasts
  5 centaurs
  7 bullfrogs
  A gnoll sergeant (D:9)
  A water moccasin zombie (D:6)
  2 scorpions
  6 killer bees (D:9)
  9 wights (D:6)
  A howler monkey (D:3)
  An electric eel (D:9)
  6 crimson imps
  2 quasits
  2 jellies (D:10)
  A bullfrog zombie (D:8)
  3 hounds
  3 orc priests
  5 centaur skeletons
  7 orc wizards
  3 iguanas
  11 worker ants
  Natasha (thrice) (D:4)
  3 hound skeletons
  10 gnolls
  11 adders
  5 shadow imps
  2 adder skeletons
  3 worms
  A dart slug (D:3)
  7 leopard geckos
  29 orcs
  6 bats
  5 giant cockroaches
  5 goblins
  7 hobgoblins
  10 jackals
  10 kobolds
  6 quokkas
  A frilled lizard (D:1)
  A leopard gecko skeleton (D:5)
  2 quokka skeletons
  A quokka zombie (D:8)
  4 rats (D:1)
239 creatures vanquished.

Vanquished Creatures (collateral kills)
  A hound (Lair:1)
1 creature vanquished.

Grand Total: 240 creatures vanquished

Notes
Turn   | Place    | Note
-------+----------+-------------------------------------------
     0 | D:1      | hawla the Minotaur Gladiator began the quest for the Orb.
     0 | D:1      | Reached XP level 1. HP: 18/18 MP: 0/0
   122 | D:1      | Reached skill level 3 in Fighting
   177 | D:1      | Reached XP level 2. HP: 26/26 MP: 1/1
   634 | D:2      | Reached skill level 4 in Fighting
   909 | D:2      | Reached XP level 3. HP: 26/34 MP: 2/2
   912 | D:2      | Reached skill level 1 in Armour
  1261 | D:2      | Reached skill level 5 in Fighting
  1261 | D:2      | Reached XP level 4. HP: 40/42 MP: 3/3
  1302 | D:2      | You fall into a shaft and drop 2 floors!
  1331 | D:4      | Noticed Natasha
  1335 | D:4      | Killed Natasha
  1336 | D:4      | Reached XP level 5. HP: 31/50 MP: 2/4
  1573 | D:3      | Noticed Sigmund
  1587 | D:3      | Killed Sigmund
  1587 | D:3      | Reached skill level 6 in Fighting
  1587 | D:3      | Reached XP level 6. HP: 40/58 MP: 3/5
  1720 | D:3      | You fall into a shaft and drop 3 floors!
  1720 | D:6      | Found Kife Pua's Magic Scroll Emporium.
  1758 | D:6      | Reached skill level 7 in Fighting
  2130 | D:5      | Entered Level 5 of the Dungeon
  2372 | D:3      | Reached XP level 7. HP: 57/67 MP: 3/6
  2374 | D:3      | Reached skill level 8 in Fighting
  2815 | D:2      | Found an opulent altar of Gozag.
  2830 | D:2      | Became a worshipper of Gozag Ym Sagoz the Greedy
  3619 | D:4      | Found Hegeothru's Antique Armour Shop.
  3622 | D:4      | Bought an embroidered robe for 111 gold pieces
  3707 | D:4      | Noticed Natasha
  3712 | D:4      | Killed Natasha
  3760 | D:4      | You fall into a shaft and drop 1 floor!
  4005 | D:5      | Found the +8 trident of the Octopus King {venom, rElec
                  | rPois MR+}
  4036 | D:5      | Reached skill level 9 in Fighting
  4329 | D:5      | Reached XP level 8. HP: 78/78 MP: 7/7
  4843 | D:4      | Found a staircase to the Ecumenical Temple.
  4856 | D:4      | Noticed Natasha
  4857 | D:4      | Killed Natasha
  4857 | D:4      | Reached skill level 10 in Fighting
  5085 | D:5      | Reached skill level 5 in Dodging
  5469 | D:4      | Bought an embroidered cloak for 225 gold pieces
  5469 | D:4      | Bought a pair of boots for 135 gold pieces
  6139 | D:6      | Reached skill level 11 in Fighting
  6652 | D:6      | Reached XP level 9. HP: 52/90 MP: 6/8
  6819 | D:6      | Reached skill level 1 in Stealth
  7173 | D:7      | Reached skill level 12 in Fighting
  7397 | D:7      | Found Plog's General Store.
  7889 | D:8      | Reached skill level 13 in Fighting
  8338 | D:8      | Reached skill level 14 in Fighting
  8548 | D:8      | Reached skill level 1 in Polearms
  8685 | D:8      | Found Iricrip's Distillery.
  8939 | D:8      | Reached XP level 10. HP: 87/103 MP: 9/9
  9649 | D:9      | Noticed a two-headed ogre
  9666 | D:9      | Killed a two-headed ogre
  9666 | D:9      | Reached skill level 5 in Polearms
  9855 | D:9      | Found Erojedat's Antique Weapon Emporium.
  9902 | D:9      | Found Nemm's Armour Shop.
  9910 | D:9      | Found Yjit's Weapon Emporium.
 10210 | D:9      | Found Buisk's Assorted Antiques.
 10529 | D:9      | Found Votrurch's Armour Emporium.
 11045 | D:6      | Bought a scroll of acquirement for 676 gold pieces
 11103 | D:10     | Entered Level 10 of the Dungeon
 11104 | D:10     | Acquired 390 gold pieces
 11108 | D:10     | Noticed a gargoyle
 11119 | D:10     | Killed a gargoyle
 11348 | D:10     | Noticed a two-headed ogre
 11352 | D:10     | Killed a two-headed ogre
 11528 | D:10     | Noticed a gargoyle
 11534 | D:10     | Killed a gargoyle
 11723 | D:10     | Reached XP level 11. HP: 88/111 MP: 10/10
 12146 | D:11     | Noticed a two-headed ogre
 12154 | D:11     | Killed a two-headed ogre
 12319 | D:11     | Noticed a skeletal warrior
 12319 | D:11     | Noticed a skeletal warrior
 12326 | D:11     | Noticed a skeletal warrior
 12336 | D:11     | Found a staircase to the Lair.
 12336 | D:11     | Noticed a death yak
 12336 | D:11     | Noticed a death yak
 12336 | D:11     | Noticed a death yak
 12336 | D:11     | Noticed a death yak
 12336 | D:11     | Noticed a death yak
 12336 | D:11     | Noticed a death yak
 12337 | D:11     | Noticed a white ugly thing
 12339 | Lair:1   | Entered Level 1 of the Lair of Beasts
 12358 | Lair:1   | Slain by a death yak

Illustrated notes

Levels and vault maps discovered:
D:1:      minmay_arrival_loop, layout_rooms, serial_glass, glass_columns_b,
          glass_columns_b, item_on_display_a, item_on_display_a,
          feat_on_display, feat_on_display
D:2:      layout_basic, grunt_gozag_breadcrumbs
D:3:      layout_loops_corners, uniq_sigmund
D:4:      layout_rooms, minmay_temple_entry_drinking_statues, serial_shops,
          kennysheep_mini_moat, uniq_natasha
D:5:      layout_loops_corners, first_ration
D:6:      layout_cave_pools, serial_shops, nicolae_shop_waterfront
D:7:      layout_rooms, serial_shops, shop
D:8:      layout_loops_ring, serial_shops, nicolae_shop_behind_doors,
          hangedman_pestilent_swarm, minivault_5, nicolae_benzene_ring
D:9:      layout_long_grid, serial_shops, shop_statue, nicolae_shop_trees,
          nicolae_shop_stone, shop, nicolae_shop_waterfront,
          minmay_crystal_water
D:10:     layout_irregular_city
D:11:     layout_loops_ring, dpeg_lair_monsters, uniq_nergalle, uniq_gastronok,
          uniq_fannar, uniq_harold
Lair:1:   layout_roguey, portal_ice_cave_entry_imps, special_room
          [special_room_bee], columned_hall_lemuel

Skill      XL: |  1  2  3  4  5  6  7  8  9 10 11 |
---------------+----------------------------------+-----
Fighting       | 3 4 5 6 7 9 11 14 | 14.8
Armour         | 1 2 3 4 |  4.8
Dodging        | 4 6 7 8 |  8.0
Stealth        | 1 3 |  3.5
Polearms       | 2 7 8 |  8.7
Throwing       | 3 |  3.2
Axes           | |  3.6
Evocations     | |  0.6

Action                   |  1- 3 |  4- 6 |  7- 9 | 10-12 || total
-------------------------+-------+-------+-------+-------++-------
Melee: War axe           |    59 |    69 |    53 |       ||   181
       Headbutt          |     5 |     9 |    56 |    19 ||    89
       Trident           |       |       |   226 |   160 ||   386
Throw: Dart              |       |       |    13 |     3 ||    16
       Javelin           |       |       |       |     3 ||     3
       Boomerang         |       |       |       |     3 ||     3
Evoke: Wand              |       |       |     5 |     3 ||     8
       Box of beasts     |       |       |       |     1 ||     1
  Use: Scroll            |     5 |     1 |     9 |     6 ||    21
       Potion            |       |     1 |     2 |     4 ||     7
 Stab: Sleeping          |       |       |     9 |     5 ||    14
       Paralysed         |       |       |     2 |       ||     2
       Distracted        |       |       |     2 |       ||     2
  Eat: Chunk             |     1 |     4 |     2 |       ||     7
       Ration            |       |       |     6 |     4 ||    10
Armor: Leather armour    |     9 |       |       |       ||     9
       Scale mail        |    11 |    25 |    11 |       ||    47
       Robe              |       |       |    30 |    13 ||    43
Dodge: Dodged            |    43 |    45 |   178 |   115 ||   381
       Repelled          |       |       |     7 |     8 ||    15
